 Dungeon Crawl Stone Soup version 0.25.1-2-g60ff931df9 (webtiles) character file.

Game seed: 4946490826758251463

81 Gabide the Skirmisher (level 4, -4/29 HPs)
             Began as a Kobold Fighter on Aug 3, 2020.
             Slain by Robin
             ... wielding a +0 trident
              (6 damage)
             ... on level 2 of the Dungeon.
             The game lasted 00:05:46 (2070 turns).

Gabide the Skirmisher (Kobold Fighter)              Turns: 2070, Time: 00:05:46

Health: -4/29      AC:  8    Str: 14    XL:     4   Next: 68%
Magic:  4/4        EV:  8    Int:  9    God:
Gold:   49         SH:  9    Dex: 14    Spells: 3/3 levels left

rFire    + . .     SeeInvis .   a - +0 flail
rCold    + . .     Gourm    .   c - +0 kite shield
rNeg     . . .     Faith    .   b - +0 scale mail
rPois    .         Spirit   .   g - +2 hat {MR+}
rElec    .         Reflect  .   n - scarf {rC+ rF+}
rCorr    .         Harm     .   (no gloves)
MR       +....     Rnd*Tele +   (no boots)
Stlth    ..........             (no amulet)
HPRegen  0.09/turn              e - ring of flight
MPRegen  0.09/turn              o - ring of teleportation (curse)

@: mighty
A: small, carnivore
a: Evoke Flight


You were on level 2 of the Dungeon.
You were very full.

You visited 1 branch of the dungeon, and saw 2 of its levels.

You collected 49 gold pieces.

Inventory:

Hand Weapons
 a - a +0 flail (weapon)
Missiles
 j - 29 stones (quivered)
Armour
 b - a +0 scale mail (worn)
 c - a +0 kite shield (worn)
 g - a +2 hat of magic resistance (worn)
 n - a scarf of resistance (worn)
Jewellery
 e - a ring of flight (left hand)
 o - a cursed ring of teleportation (right hand)
Scrolls
 p - a scroll of identify
 q - a scroll of amnesia {unknown}
Potions
 d - a potion of berserk rage {unknown}
 h - a potion of heal wounds {unknown}
 k - a potion of brilliance {unknown}
 m - a potion of mutation {unknown}
Comestibles
 f - 6 rations
 i - 6 chunks of flesh


   Skills:
 * Level 4.0 Fighting
 * Level 2.8 Maces & Flails
 + Level 2.7 Armour
 + Level 0.4 Dodging
 + Level 2.9 Shields


You had 3 spell levels left.
You didn't know any spells.
Your spell library was empty.

Dungeon Overview and Level Annotations

Branches:
Dungeon (2/15)

Altars:

Annotations:
D:2 Robin


Innate Abilities, Weirdness & Mutations

You are small and have problems with some larger weapons.
You are carnivorous and can eat meat at any time.


Message History

The hobgoblin barely misses you. Robin hits you with a +0 trident.
The hobgoblin hits you with a +0 club.
You hit Robin but do no damage.
Robin is almost dead.
You block Robin's attack. The hobgoblin hits you with a +0 club.
* * * LOW HITPOINT WARNING * * *
Robin hits you from afar with a +0 trident.
* * * LOW HITPOINT WARNING * * *
Okay, then.
Okay, then.
Things that are here:
a +0 hunting sling; 2 stones You feel very mighty all of a sudden.
Robin throws the goblin at you! The goblin hits you with a +0 club.
* * * LOW HITPOINT WARNING * * *
You block the hobgoblin's attack.
Your shield and scale mail prevent you from hitting the goblin.
The goblin hits you but does no damage. You block the hobgoblin's attack.
Robin hits you from afar with a +0 trident.
You die...

#. #. #( #. #g
#. #.######
#ggg@g.#
######.# #.# #.#
#.##############
#...............
################


You could see Robin, a hobgoblin (strong) and 2 goblins.

Vanquished Creatures
  An adder (D:2)
  A worm (D:2)
  2 dart slugs
  4 leopard geckos (D:1)
  A ball python (D:2)
  2 giant cockroaches (D:1)
  8 goblins
  6 hobgoblins
  6 jackals
  A quokka (D:2)
  11 bats
  4 frilled lizards
  4 kobolds
  9 rats
60 creatures vanquished.

Notes
Turn   | Place    | Note
-------+----------+-------------------------------------------
     0 | D:1      | Gabide the Kobold Fighter began the quest for the Orb.
     0 | D:1      | Reached XP level 1. HP: 14/14 MP: 1/1
   220 | D:1      | Reached XP level 2. HP: 12/19 MP: 2/2
   525 | D:1      | Reached XP level 3. HP: 24/24 MP: 3/3
  1574 | D:2      | Reached XP level 4. HP: 19/29 MP: 4/4
  1854 | D:2      | Reached skill level 4 in Fighting
  2037 | D:2      | Noticed Robin
  2070 | D:2      | Slain by Robin

Illustrated notes

Levels and vault maps discovered:
D:1:      lightli_arrival_quake, layout_loops_ring, minmay_distorted
D:2:      layout_loops_ring, palyth_stone_intersect, uniq_robin

Skill      XL: |  1  2  3  4 |
---------------+-------------+-----
Maces & Flails | 2 |  2.8
Fighting       | 4 |  4.0
Armour         | |  2.7
Dodging        | |  0.4
Shields        | |  2.9

Action                   |  1- 3 |  4- 6 || total
-------------------------+-------+-------++-------
Melee: Flail             |   151 |    74 ||   225
Throw: Stone             |       |     4 ||     4
  Use: Scroll            |     4 |       ||     4
       Potion            |     1 |     1 ||     2
  Eat: Chunk             |    11 |     1 ||    12
Armor: Scale mail        |    82 |    33 ||   115
Dodge: Dodged            |    55 |    32 ||    87
Block: Kite shield       |    79 |    38 ||   117
